 Dungeon Crawl Stone Soup version 0.30.1 (webtiles) character file.

Game seed: 8653475364311771883

42 shmup the Firebug (level 3, 0/19 HPs)
             Began as a Tengu Fire Elementalist on July 11, 2023.
             Killed by divine providence
             ... invoked by an orc priest
              (12 damage)
             ... on level 3 of the Dungeon.
             The game lasted 00:05:27 (1837 turns).

shmup the Firebug (Tengu Fire Elementalist)         Turns: 1837, Time: 00:05:27

Health: 0/19       AC:  3    Str:  8    XL:     3   Next: 56%
Magic:  7/7        EV: 12    Int: 17    God:
Gold:   93         SH:  0    Dex: 14    Spells: 5/6 levels left

rFire   . . .        c - +0 dagger
rCold   . . .        (no shield)
rNeg    . . .        a - +0 robe
rPois   .            (helmet restricted)
rElec   .            n - +0 cloak
rCorr   .            (no gloves)
SInv    .            (boots unavailable)
Will    .....        (no amulet)
Stlth   ++           (no ring)
HPRegen 0.23/turn    (no ring)
MPRegen 0.10/turn

%: no passive effects
@: no status effects
A: beak, talons 3
a: no special abilities


You were on level 3 of the Dungeon.
You visited 1 branch of the dungeon, and saw 3 of its levels.

You collected 93 gold pieces.

Inventory:

Hand Weapons
 c - a +0 dagger (weapon)
Missiles
 d - 20 stones (quivered)
 l - 6 boomerangs
Armour
 a - a +0 robe (worn)
 n - a +0 cloak (worn)
Scrolls
 f - a scroll of identify {unknown}
 g - a scroll of poison {unknown}
 h - a scroll of fog {unknown}
 p - a scroll of teleportation {unknown}
Potions
 b - a potion of magic
 e - 3 potions of heal wounds {unknown}
 i - 2 potions of curing {unknown}
 j - a potion of flight {unknown}
 k - a potion of might {unknown}
 m - a potion of berserk rage {unknown}
 o - a potion of haste {unknown}


   Skills:
 + Level 2.6 Dodging
 + Level 2.5 Stealth
 + Level 2.2 Spellcasting
 + Level 2.0 Conjurations
 * Level 3.9 Fire Magic


You had 5 spell levels left.
You knew the following spells:

 Your Spells              Type           Power      Damage    Failure   Level
a - Foxfire               Conj/Fire      48%        2x1d6     5%          1

Your spell library contained the following spells:

 Spells                   Type           Power      Damage    Failure   Level
 Scorch                   Fire           30%        2d6       5%          2
 Magic Dart               Conj           32%        1d4       9%          1
 Searing Ray              Conj           16%        2d5       12%         2
 Static Discharge         Conj/Air       10%        2-3/arc   19%         2
 Inner Flame              Hex/Fire       8%         N/A       26%         3
 Volatile Blastmotes      Fire/Tloc      16%        2d11      26%         3
 Flame Wave               Conj/Fire      12%        2d6       50%         4
 Fulminant Prism          Conj/Hex       2%         3d5       77%         4
 Airstrike                Air            0%         2d(1-17)  88%         4
 Summon Lightning Spire   Summ/Air       1%         N/A       88%         4


Dungeon Overview and Level Annotations

Branches:
Dungeon (3/15)

Altars:
Ru


Innate Abilities, Weirdness & Mutations

You have a beak for a mouth.
You have claws for feet.


Message History

Found a glowing leather armour.
You now have 93 gold pieces (gained 11).
An orc comes into view. It is wielding a +0 club.
Found a dented silver amulet.
Casting: Foxfire (safe; 5% risk of failure)
Confirm with . or Enter, or press ? or * to list all spells.
You conjure some foxfire!
The orc shouts!
An orc comes into view. It is wielding a +0 flail.
The foxfire hits the orc.
The orc is heavily wounded.
The foxfire hits the orc.
You kill the orc!
An orc priest comes into view. It is wielding a +0 club.
The orc priest shouts!
Casting: Foxfire (safe; 5% risk of failure)
Confirm with . or Enter, or press ? or * to list all spells.
You conjure some foxfire!
An orc wizard comes into view. It is wielding a +0 dagger.
The foxfire hits the orc.
The orc is lightly wounded.
An orc priest comes into view. It is wielding a +0 mace.
The foxfire hits the orc.
The orc is severely wounded.
The orc priest calls upon Beogh to heal the orc.
The orc's wounds heal themselves!
An orc comes into view. It is wielding a +0 dagger.
The orc priest mumbles some strange prayers to Beogh against you.
Beogh smites you!
Ouch! That really hurt!
* * * LOW HITPOINT WARNING * * *
The orc priest miscasts a cantrip.
The orc wizard gestures wildly while chanting.
The orc wizard flickers and vanishes!
Deactivating autopickup; reactivate with Ctrl-A.
The orc priest miscasts a cantrip.
The orc priest mumbles some strange prayers to Beogh against you.
Beogh smites you!
Ouch! That really hurt!
You die...

▒........▒▒.......▒
▒.▒▒▒▒▒.▒▒▒▒▒▒▒▒..▒
▒.▒ ▒.o...▒▒▒▒..▒
▒.▒ ▒▒▒.....▒.▒▒..▒
▒.▒ ▒.......▒.▒▒..▒
▒.▒▒▒.......▒.▒▒▒.▒
▒......_...%..▒ ▒o▒
▒▒▒.......▒▒▒o▒ ▒.▒
. ▒.......▒ ▒Q▒ ▒.▒
.. ▒.....▒▒▒ ▒.▒
▒.▒ ... ▒.....▒ ▒.▒
▒.▒ ...o
▒▒▒▒▒.▒▒▒▒▒.▒ ▒.▒
..... ▒..)....▒
▒.▒▒▒......
▒▒▒▒▒▒▒<▒
▒.......... ▒.▒
▒.▒▒▒...... ▒.▒ ▒.▒
..... ▒.▒ ▒.▒ ....


You could see an orc priest and an orc.

Vanquished Creatures
  2 dart slugs (D:2)
  An orc (D:3)
  3 ball pythons
  5 bats
  2 endoplasms (D:2)
  2 giant cockroaches
  2 goblins
  9 hobgoblins
  3 kobolds
  A frilled lizard (D:1)
30 creatures vanquished.

Vanquished Creatures (others)
  67 foxfires
67 creatures vanquished.

Grand Total: 97 creatures vanquished

Notes
Turn   | Place    | Note
-------+----------+-------------------------------------------
     0 | D:1      | shmup the Tengu Fire Elementalist began the quest for the
                  | Orb.
     0 | D:1      | Reached XP level 1. HP: 10/10 MP: 4/4
   209 | D:1      | Reached XP level 2. HP: 15/15 MP: 3/6
  1186 | D:2      | Reached XP level 3. HP: 19/19 MP: 5/7
  1410 | D:2      | Found a faded altar of an unknown god.
  1730 | D:3      | Found a sacrificial altar of Ru.
  1837 | D:3      | Killed from afar by an orc priest

Illustrated notes

Levels and vault maps discovered:
D:1:      dpeg_arrival_round_a, layout_loops_corners, corexii_hall_statues_l,
          minmay_surrounded
D:2:      layout_basic, chequers_ecumenical_altar_simple, supply_closet_lemuel
D:3:      minmay_door_path, layout_rooms, nicolae_overflow_crystal_walls,
          chequers_temple_overflow_minitemple

Skill      XL: |  1  2  3 |
---------------+----------+-----
Conjurations   | 2 |  2.0
Dodging        | |  2.6
Stealth        | |  2.5
Spellcasting   | |  2.2
Fire Magic     | |  3.9

Action                     || total
---------------------------++-------
  Melee: Kick              ||     5
         Unarmed           ||     1
         Dagger            ||     6
   Cast: Foxfire           ||    39
 Armour: Robe              ||    11
  Dodge: Dodged            ||    27
